 Dungeon Crawl Stone Soup version 0.30-a0-225-g04c3547f4f (webtiles) character file.

Game seed: 5534470686378528450

245 qw the Chopper (level 6, 0/37 HPs)
             Began as a Gargoyle Fighter on Oct 9, 2022.
             Slain by a gnoll
             ... wielding a +0 spear
              (1 damage)
             ... on level 3 of the Dungeon.
             The game lasted 00:00:50 (1891 turns).

qw the Chopper (Gargoyle Fighter)                   Turns: 1891, Time: 00:00:51

Health: 0/37       AC: 13    Str: 21    XL:     6   Next: 10%
Magic:  6/6        EV:  9    Int:  9    God:
Gold:   114        SH:  4    Dex:  9    Spells: 5/5 levels left

rFire   . . .      SeeInvis .    Y - +0 war axe
rCold   . . .      Faith    .    c - +0 buckler
rNeg    + . .      Spirit   .    g - +2 scale mail {rPois}
rPois   inf        Reflect  .    (no helmet)
rElec   +          Harm     .    (no cloak)
rCorr   .          Rampage  .    (no gloves)
Will    .....                    (no boots)
Stlth   ..........               (no amulet)
HPRegen 0.26/turn                (no ring)
MPRegen 0.10/turn                (no ring)

@: no status effects
A: sickness immunity, AC +4, negative energy resistance 1, electricity
resistance, torment resistance 1, petrification resistance
a: no special abilities


You were on level 3 of the Dungeon.
You visited 1 branch of the dungeon, and saw 3 of its levels.

You collected 114 gold pieces.


Innate Abilities, Weirdness & Mutations

You are immune to sickness and miasma.
Your stone body is resilient. (AC +4)
You are immune to poison.
You resist negative energy. (rN+)
You are resistant to electric shocks. (rElec)
You are resistant to unholy torment.
You are immune to petrification.


   Skills:
 + Level 3.5 Fighting
 - Level 5.5 Axes
 - Level 3.2 Armour
 - Level 3.2 Shields


You had 5 spell levels left.
You didn't know any spells.
Your spell library was empty.

Inventory:

Hand Weapons
 o - a +0 mace
 Y - a +0 war axe (weapon)
Armour
 c - a +0 buckler (worn)
 g - a +2 scale mail of poison resistance (worn)
Scrolls
 a - a scroll of identify
Potions
 d - a potion of might
 f - a potion of ambrosia {unknown}
 i - a potion of attraction
 l - a potion of heal wounds {unknown}
 n - a potion of invisibility {unknown}

Dungeon Overview and Level Annotations

Branches:
Dungeon (3/15)

Altars:

Annotations:
D:3 Jessica


Message History

You shred the net and break free!
The gnoll hits you from afar with a +0 spear.
The gnoll barely misses you.
You barely miss the gnoll.
The gnoll hits you from afar with a +0 halberd.
The gnoll hits you but does no damage.
You closely miss the gnoll.
The gnoll hits you from afar with a +0 halberd!
The gnoll barely misses you. The gnoll hits you but does no damage.
You closely miss the gnoll. You slash the ball python!
You kill the ball python!
The gnoll hits you but does no damage. The gnoll barely misses you. x2
You closely miss the gnoll. The gnoll hits you but does no damage.
The gnoll closely misses you. The gnoll hits you but does no damage.
You block the gnoll's attack.
The gnoll hits you from afar with a +0 halberd!
Jessica casts a spell.
Jessica seems to speed up.
The gnoll hits you but does no damage.
You completely miss Jessica. You closely miss the gnoll.
Jessica gestures at you while chanting.
You barely resist. The gnoll barely misses you.
The gnoll hits you with a +0 club. The gnoll hits you but does no damage.
Jessica hits you but does no damage.
You barely miss Jessica. You hit the gnoll. Jessica hits you with a +0 dagger.
The gnoll barely misses you. x2
The gnoll hits you but does no damage.
You barely miss the gnoll.
The gnoll is lightly wounded.
You hit Jessica. Jessica hits you with a +0 dagger.
The gnoll hits you but does no damage. x3
You block Jessica's attack. The gnoll hits you but does no damage.
The gnoll completely misses you. The gnoll hits you but does no damage.
You closely miss Jessica.
Jessica is lightly wounded.
You hit the gnoll. You block Jessica's attack.
Jessica points at you and mumbles some strange words.
Pain shoots through your body!
The gnoll hits you from afar with a +0 spear.
You die...

# ...
.....#######.####
.......<@@.g.....
.........g.g....#
.....#######.#..#
##.# # # .. .


You could see 3 gnolls and Jessica (fast).

Vanquished Creatures
  Sigmund (D:2)
  Terence (D:2)
  2 worms (D:2)
  3 dart slugs
  6 ball pythons
  5 endoplasms
  3 giant cockroaches
  2 goblins
  3 hobgoblins (D:2)
  10 jackals (D:2)
  2 kobolds (D:1)
  2 quokkas (D:2)
  7 bats
  5 frilled lizards
  3 rats
55 creatures vanquished.

Notes
Turn   | Place    | Note
-------+----------+-------------------------------------------
     0 | D:1      | qw the Gargoyle Fighter began the quest for the Orb.
     0 | D:1      | Reached XP level 1. HP: 14/14 MP: 1/1
     0 | D:1      | 0 ||| qw: Version: 0.2-a-17-g06abaee
     0 | D:1      | 0 ||| qw: Game counter: 2292
     0 | D:1      | 0 ||| qw: Always use a shield: true
     0 | D:1      | 0 ||| qw: God list: Okawaru
     0 | D:1      | 0 ||| qw: Allow faded altars: false
     0 | D:1      | 0 ||| qw: Do Orc after D:15 true
     0 | D:1      | 0 ||| qw: Do second Lair branch before Depths: true
     0 | D:1      | 0 ||| qw: Lair rune preference: random
     0 | D:1      | 0 ||| qw: Plans: Normal, Zot:1-4, God:TSO, Crypt, Tomb,
                  | Pan, Slime:5, Hells, Abyss, Orb
     0 | D:1      | 0 ||| PLANNING D:1-11
    13 | D:1      | Reached skill level 2 in Axes
   120 | D:1      | Reached XP level 2. HP: 19/19 MP: 2/2
   147 | D:1      | 147 ||| Stepping ~*~*~tactically~*~*~ (stealth).
   199 | D:1      | 199 ||| Stepping ~*~*~tactically~*~*~ (hiding).
   200 | D:1      | 200 ||| Stepping ~*~*~tactically~*~*~ (hiding).
   592 | D:1      | 592 ||| Stepping ~*~*~tactically~*~*~ (stealth).
   593 | D:1      | 593 ||| Stepping ~*~*~tactically~*~*~ (stealth).
   601 | D:1      | Reached skill level 3 in Axes
   601 | D:1      | 601 ||| DROPPING +0 club.
   651 | D:1      | Reached XP level 3. HP: 23/23 MP: 3/3
   987 | D:1      | 987 ||| READING scroll labelled LUENTY GEIG.
   988 | D:1      | 988 ||| READING scroll labelled BEIRURIUTE.
  1004 | D:1      | 1004 ||| READING scroll labelled RUOXZO ZAITENN.
  1005 | D:1      | 1005 ||| READING scroll labelled HADGHY ANOU.
  1084 | D:2      | 1084 ||| Stepping ~*~*~tactically~*~*~ (stealth).
  1107 | D:2      | 1107 ||| Stepping ~*~*~tactically~*~*~ (stealth).
  1160 | D:2      | 1160 ||| Stepping ~*~*~tactically~*~*~ (stealth).
  1172 | D:2      | 1172 ||| Stepping ~*~*~tactically~*~*~ (stealth).
  1232 | D:2      | Noticed Terence
  1238 | D:2      | Killed Terence
  1239 | D:2      | Reached skill level 4 in Axes
  1239 | D:2      | Reached XP level 4. HP: 25/28 MP: 4/4
  1239 | D:2      | 1239 ||| Stepping ~*~*~tactically~*~*~ (stealth).
  1245 | D:2      | 1245 ||| Stepping ~*~*~tactically~*~*~ (stealth).
  1246 | D:2      | 1246 ||| Stepping ~*~*~tactically~*~*~ (stealth).
  1263 | D:2      | 1263 ||| Stepping ~*~*~tactically~*~*~ (stealth).
  1343 | D:2      | 1343 ||| Stepping ~*~*~tactically~*~*~ (hiding).
  1344 | D:2      | 1344 ||| Stepping ~*~*~tactically~*~*~ (hiding).
  1352 | D:2      | 1352 ||| Stepping ~*~*~tactically~*~*~ (stealth).
  1353 | D:2      | 1353 ||| Stepping ~*~*~tactically~*~*~ (stealth).
  1389 | D:2      | Noticed Sigmund
  1397 | D:2      | Killed Sigmund
  1398 | D:2      | Reached skill level 5 in Axes
  1398 | D:2      | Reached XP level 5. HP: 23/32 MP: 5/5
  1398 | D:2      | Reached XP level 6. HP: 27/37 MP: 6/6
  1494 | D:2      | 1494 ||| Stepping ~*~*~tactically~*~*~ (stealth).
  1522 | D:2      | 1522 ||| Stepping ~*~*~tactically~*~*~ (hiding).
  1523 | D:2      | 1523 ||| Stepping ~*~*~tactically~*~*~ (hiding).
  1834 | D:2      | 1834 ||| UPGRADING to +2 scale mail of poison resistance.
  1844 | D:2      | 1844 ||| DROPPING +0 scale mail.
  1845 | D:2      | 1845 ||| READING 3 scrolls labelled QYUMOESUIT.
  1846 | D:2      | 1846 ||| DRINKING 3 purple potions.
  1847 | D:2      | 1847 ||| DRINKING 2 bubbling ruby potions.
  1848 | D:2      | 1848 ||| DROPPING 2 potions of flight.
  1849 | D:2      | 1849 ||| DROPPING 2 scrolls of vulnerability.
  1881 | D:3      | Noticed Jessica
  1890 | D:3      | HP: 8/37 [Jessica/+0 dagger (4)]
  1891 | D:3      | HP: 1/37 [Jessica/nerve-wracking pain (7)]
  1891 | D:3      | Slain by a gnoll

Levels and vault maps discovered:
D:1:      minmay_arrival_radiant_lines, layout_basic, nicolae_eternal_life
D:2:      layout_loops_ring, uniq_terence, uniq_sigmund
D:3:      layout_loops_ring, minmay_pentomino_pile, uniq_natasha,
          uniq_crazy_yiuf_cottage, uniq_jessica

Skill      XL: |  1  2  3  4 |
---------------+-------------+-----
Axes           | 2 3 4 5 |  5.5
Fighting       | |  3.5
Armour         | |  3.2
Shields        | |  3.2

Action                   |  1- 3 |  4- 6 || total
-------------------------+-------+-------++-------
Melee: War axe           |   101 |    56 ||   157
  Use: Scroll            |     4 |     1 ||     5
       Potion            |       |     2 ||     2
Armor: Scale mail        |    53 |    32 ||    85
Dodge: Dodged            |    50 |    27 ||    77
Block: Buckler           |    20 |    11 ||    31

Table legend:
 A = Non-vault XP
 B = Vault XP
 C = Vault XP percentage of total XP
 D = Non-vault monster count
 E = Vault monster count
 F = Vault count percentage of total count
                 A         B        C        D         E       F
            +---------+---------+-------+---------+---------+-------
      Total |     100 |     250 |  71.4 |      53 |       2 |   3.6
            +---------+---------+-------+---------+---------+-------
        D:1 |      39 |       0 |   0.0 |      22 |       0 |   0.0
        D:2 |      60 |     250 |  80.6 |      30 |       2 |   6.2
        D:3 |       1 |       0 |   0.0 |       1 |       0 |   0.0
            +---------+---------+-------+---------+---------+-------
